 Dungeon Crawl Stone Soup version 0.27-a0-1434-g6f15984924 (webtiles) character file.

Game seed: 10763783656664622143

49 Gwenloh the Chopper (level 3, -2/28 HPs)
             Began as a Palentonga Warper on July 3, 2021.
             Succumbed to an adder's poison
             ... on level 2 of the Dungeon.
             The game lasted 00:05:31 (1740 turns).

Gwenloh the Chopper (Palentonga Warper)             Turns: 1740, Time: 00:05:31

Health: -2/28      AC:  4    Str: 14    XL:     3   Next: 51%
Magic:  6/6        EV:  9    Int: 13    God:
Gold:   16         SH:  0    Dex: 16    Spells: 4/6 levels left

rFire    . . .     SeeInvis +   a - +0 hand axe
rCold    . . .     Faith    .   (no shield)
rNeg     . . .     Spirit   .   b - +0 leather armour
rPois    .         Reflect  .   (no helmet)
rElec    .         Harm     .   (no cloak)
rCorr    .         Rampage  .   (no gloves)
Will     .....                  (no barding)
Stlth    +.........             (no amulet)
HPRegen  0.09/turn              j - +6 ring of dexterity
MPRegen  0.10/turn              (no ring)

@: lethally poisoned (-2 -> -13)
A: large, rugged brown scales 3, see invisible, deformed body, roll 1, armoured
tail
a: Rolling Charge


You were on level 2 of the Dungeon.
You visited 1 branch of the dungeon, and saw 2 of its levels.

You collected 16 gold pieces.

Inventory:

Hand Weapons
 a - a +0 hand axe (weapon)
Missiles
 d - 4 boomerangs of dispersal
 h - 43 stones
 i - 50 arrows
 n - 2 atropa-tipped darts (quivered)
Armour
 b - a +0 leather armour (worn)
Jewellery
 j - a +6 ring of dexterity (left hand)
Scrolls
 c - a scroll of blinking
 e - a scroll of torment {unknown}
 f - a scroll of brand weapon {unknown}
 g - 2 scrolls of magic mapping {unknown}
 k - a scroll of amnesia {unknown}
 l - a scroll of enchant armour {unknown}
 m - a scroll of teleportation {unknown}


   Skills:
 - Level 2.0 Fighting
 * Level 3.4 Axes
 - Level 0.6 Throwing
 + Level 1.6 Armour
 - Level 1.5 Dodging
 - Level 2.0 Spellcasting
 - Level 3.0 Translocations


You had 4 spell levels left.
You knew the following spells:

 Your Spells              Type           Power      Damage    Failure   Level
a - Blink                 Tloc           N/A        N/A       14%         2

Your spell library contained the following spells:

 Spells                   Type           Power      Damage    Failure   Level
 Gell's Gravitas          Tloc           4%         N/A       26%         3
 Lesser Beckoning         Tloc           4%         N/A       26%         3
 Teleport Other           Tloc           9%         N/A       26%         3
 Animate Skeleton         Necr           2%         N/A       30%         1
 Pain                     Necr           4%         1d4       30%         1
 Vampiric Draining        Necr           0%         2d6       67%         3
 Manifold Assault         Tloc           9%         N/A       94%         5


Dungeon Overview and Level Annotations

Branches:
Dungeon (2/15)

Altars:


Innate Abilities, Weirdness & Mutations

You are completely covered in rugged brown scales. (AC +3, +7% HP)
You have supernaturally acute eyesight. (SInv)
Armour fits poorly on your strangely shaped body.
You can roll at nearby foes to attack.
You have a long armoured tail.


Message History

The adder is heavily wounded.
You feel sick.
The adder is no longer blind.
The adder bites you but does no damage.
The rat twitches its whiskers.
The adder bites you.
You are more poisoned.
The adder poisons you!
You barely miss the adder.
The adder is heavily wounded.
You hit the frilled lizard.
You feel very sick. The adder bites you but does no damage.
The frilled lizard bites you.
You miss the adder.
The adder is heavily wounded.
You barely miss the frilled lizard.
You feel sick.
The adder closely misses you. x2; The frilled lizard bites you.
You barely miss the adder.
The adder is heavily wounded.
You hit the frilled lizard.
You kill the frilled lizard!
You feel sick. The adder barely misses you.
You hit the adder.
The adder is severely wounded.
You hit the rat.
You feel sick. The adder bites you.
You are lethally poisoned!
The adder poisons you! The rat barely misses you. The adder bites you.
* * * LOW HITPOINT WARNING * * *
You are more poisoned.
The adder poisons you! The rat closely misses you.
You barely miss the adder.
Your tail-slap misses the adder.
The adder is severely wounded.
You hit the rat.
You kill the rat!
* * * LOW HITPOINT WARNING * * *
You feel very sick. The adder bites you.
* * * LOW HITPOINT WARNING * * *
You hit the adder.
The adder is severely wounded.
You die...

... ###... .. ####.....
..# #.## #..<).### ...
### #..# #.###.#
(..##.. #.#####.....#
#...#.#####.......#####
#.#....)#.(...##>##
#.....#..†###....#
#..##...@S>##..###
###..#(.####.....#
#......## ##...# ###
....#.#.## ##..### ##..
. #.#.# ##.....### #..#
###...# #..###...###.##
#<...## #.## ###.....#
#.#.## #.# #...###
#.#..# ##.# #...####


You could see an adder.

Vanquished Creatures
  2 dart slugs (D:1)
  2 endoplasms
  2 giant cockroaches (D:1)
  5 goblins
  6 hobgoblins
  4 jackals (D:1)
  2 quokkas (D:1)
  6 ball pythons
  3 bats
  2 frilled lizards
  4 kobolds (D:1)
  4 rats
42 creatures vanquished.

Notes
Turn   | Place    | Note
-------+----------+-------------------------------------------
     0 | D:1      | Gwenloh the Palentonga Warper began the quest for the Orb.
     0 | D:1      | Reached XP level 1. HP: 17/17 MP: 3/3
    84 | D:1      | Reached skill level 1 in Armour
   100 | D:1      | Reached XP level 2. HP: 13/23 MP: 5/5
   876 | D:1      | Found a faded altar of an unknown god.
   997 | D:1      | Reached XP level 3. HP: 26/28 MP: 6/6
  1107 | D:1      | Learned a level 2 spell: Blink
  1739 | D:2      | HP: 1/28 [adder (2)]
  1740 | D:2      | Succumbed to an adder's poison

Illustrated notes

Levels and vault maps discovered:
D:1:      roderic_octagonal_star, layout_basic,
          shapermc_ecumenical_altar_notcrosses
D:2:      layout_rooms, chequers_serial_rivers_micro_e, minmay_distorted,
          uniq_terence

Skill      XL: |  1  2 |
---------------+-------+-----
Armour         | 1 |  1.6
Axes           | 3 |  3.4
Fighting       | |  2.0
Throwing       | |  0.6
Dodging        | |  1.5
Spellcasting   | |  2.0
Translocations | |  3.0

Action                   || total
-------------------------++-------
Melee: Hand axe          ||   115
       Tailslap          ||    10
Throw: Stone             ||     3
       Dart              ||     1
       Boomerang         ||     1
 Abil: Rolling Charge    ||    33
Armor: Leather armour    ||    54
Dodge: Dodged            ||    52

Table legend: (Time is in decaauts)
 A = Elapsed time spent in this place.
 B = Non-inter-level travel time spent in this place.
 C = Inter-level travel time spent in this place.
 D = Time resting spent in this place.
 E = Time spent auto-exploring this place.
 F = Levels seen in this place.
 G = Mean time per level.
                   A        B        C        D        E       F      G
               +--------+--------+--------+--------+--------+-----+--------+
         Total |   1759 |   1696 |     63 |    164 |   1254 |   2 |  879.5 |
       Dungeon |   1759 |   1696 |     63 |    164 |   1254 |   2 |  879.5 |
               +--------+--------+--------+--------+--------+-----+--------+

Top non-repeatable levels by time:
     D:1: 1533 daAuts
     D:2: 226 daAuts
